 Dungeon Sprint DCSS version 0.29-a0-297-g7659ce593d (webtiles) character file.

Game seed: 1431589545174886219

4100000 namelastname112 the Axe Maniac (level 21, -19/204 HPs)
             Began as a Demonspawn Gladiator on Mar 21, 2022.
             Was the Champion of Makhleb.
             Demolished by The Servant
             ... wielding a +9 glaive of flaming
              (141 damage)
             ... in the Dungeon (Sprint VIII: "Arena of Blood").
             The game lasted 00:00:50 (41 turns).

namelastname112 the Axe Maniac (Demonspawn Gladiator) Turns: 41, Time: 00:00:51

Health: -19/204    AC:  6    Str: 14    XL:     21   Next: 57%
Magic:  20/37      EV: 40    Int: 12    God:    Makhleb [******]
Gold:   0          SH:  0    Dex: 24    Spells: 45/45 levels left

rFire   . . .      SeeInvis .   l - +∞ Axe of Woe
rCold   . . .      Faith    .   (shield currently unavailable)
rNeg    . . .      Spirit   .   b - +0 leather armour
rPois   .          Reflect  .   c - +0 helmet
rElec   .          Harm     .   (no cloak)
rCorr   .          Rampage  .   (gloves unavailable)
Will    ++...      NoTele   +   (no boots)
Stlth   ++++++....              (no amulet)
HPRegen 11.44/turn              (no ring)
MPRegen 0.25/turn               (no ring)

@: repel missiles
A: claws 3, repulsion field 3, icemail 2, powered by death 2, torment resistance
1, condensation shield, demonic willpower
a: Renounce Religion, Minor Destruction, Lesser Servant of Makhleb, Major
Destruction, Greater Servant of Makhleb


You were in the Dungeon.
You worshipped Makhleb.
Makhleb was exalted by your worship.
You visited 1 branch

Inventory:

Hand Weapons
 a - a +0 war axe
 l - the +∞ Axe of Woe (weapon)
   (You found it in the Dungeon)
Missiles
 d - 3 throwing nets (quivered)
 e - a javelin
Armour
 b - a +0 leather armour (worn)
 c - a +0 helmet (worn)
Scrolls
 k - a scroll of blinking
Potions
 f - a potion of curing
 g - a potion of heal wounds
 h - a potion of haste
 i - 2 potions of magic
 j - a potion of berserk rage


   Skills:
 O Level 27 Fighting
 + Level 12.7(14.4) Short Blades
 + Level 11.1(13.6) Long Blades
 O Level 27 Axes
 + Level 11.1(21.6) Maces & Flails
 + Level 11.1(21.6) Polearms
 + Level 11.1(14.7) Staves
 + Level 12.7(21.4) Slings
 + Level 12.7 Bows
 + Level 12.7 Crossbows
 O Level 27 Throwing
 + Level 12.7 Armour
 O Level 27 Dodging
 + Level 13.8 Stealth
 + Level 12.7 Shields
 + Level 12.7 Unarmed Combat
 + Level 12.7 Spellcasting
 + Level 13.8 Conjurations
 + Level 13.8 Hexes
 + Level 13.8 Summonings
 + Level 15.0 Necromancy
 + Level 12.7 Translocations
 + Level 12.7 Transmutations
 + Level 12.7 Fire Magic
 + Level 12.7 Ice Magic
 + Level 12.7 Air Magic
 + Level 12.7 Earth Magic
 + Level 13.8 Poison Magic
 + Level 17.6 Invocations
 + Level 13.8 Evocations


You had 45 spell levels left.
You didn't know any spells.
Your spell library was empty.

Dungeon Overview and Level Annotations

Branches:
Dungeon (1/1)

Altars:
Makhleb

Annotations:
D The Servant


Innate Abilities, Weirdness & Mutations

You have claws for hands.
You are surrounded by a strong repulsion field. (EV +4, RMsl)
A meltable icy envelope protects you from harm. (AC +0)
You regenerate health from kills.
You are resistant to unholy torment.
A meltable shield of frost defends you. (SH +0)
You punish those that try to bend your will. (Will+)


Message History

You feel agile! x2; Your demonic ancestry asserts itself!!!
Your icy envelope grows thicker!
You take 24 damage, and have 59/204 hp!
You chop the destroyer into pieces!!!!!!
You pulverise the destroyer into a thin bloody mist!
You destroy the destroyer!!!
Makhleb roars: ANNIHILATED!
You feel better!
You are engulfed in blazing flames!
You hear a shout!!!
The destroyer is engulfed in blazing flames!
The destroyer points at you and mumbles some strange words!
The destroyer blinks!!!
You hear a shout!!!
The destroyer casts a spell at you!
The destroyer blinks!!!
The sculptor of flesh is engulfed in blazing flames!
You hear a shout!!!
A meat berserker comes into view! It is wielding a +9 BATTLEAXE!
You hear a shout!!! x4
A meat berserker comes into view! It is wielding a +9 BATTLEAXE!
Your base Long Blades skill increases to level 11!!!
Your base Maces & Flails skill increases to level 11!!!
Your base Polearms skill increases to level 11!!!
Your base Staves skill increases to level 11!!!
Your Necromancy skill increases to level 15!!!
You regained 33 hp, and now have 92/204 hp!
You open the sculptor of flesh but do no damage!
You fatally mangle the sculptor of flesh!
You destroy the sculptor of flesh!!!
Makhleb roars: ANNIHILATED!
You feel better!
You open the bag of meat like a pillowcase!!!!!!
You chop the bag of meat into pieces!
You annihilate the bag of meat!!!
Makhleb roars: ANNIHILATED!
You are engulfed in blazing flames!
You hear a shout!!!
The Servant hits you from afar with a +9 glaive of flaming!!!!!!!!!!!!
DANG rip

.###...).).###... .
#...))))#.........
..#....)))#.........
.....O.).)).........
......☼)°)...V#...#
......§.)....#....#
......§§§)V##...V.#
.#....§°§.#)§§§..#
......§°§.#.@°###o
##.#..§☼§.@.§)§.o.o#
.................o..
....#.....####§.....
........... V...§O
............ ...###
....=..... ###
##########


You could see The Servant, 3 destroyers, 2 meat berserkers and 3 bags of meat.

Vanquished Creatures
  2 vampire knights (D)
  10 ogres (D)
  4 two-headed ogres (D)
  35 orcs (D)
  A skeletal warrior (D)
52 creatures vanquished.

Notes
Turn   | Place    | Note
-------+----------+-------------------------------------------
     0 | D        | Found the +∞ Axe of Woe
     0 | D        | namelastname112 the Demonspawn Gladiator began the quest
                  | for the Orb.
     0 | D        | Reached XP level 1. HP: 16/16 MP: 1/1
     2 | D        | Noticed a bag of meat
     4 | D        | Became a worshipper of Makhleb the Destroyer
     4 | D        | Noticed a bag of meat
     4 | D        | Noticed a bag of meat
     5 | D        | Noticed a bag of meat
     6 | D        | Noticed a bag of meat
     6 | D        | Noticed a bag of meat
     6 | D        | Noticed a bag of meat
     6 | D        | Noticed a meat berserker
     7 | D        | Noticed a bag of meat
     7 | D        | Noticed a bag of meat
     7 | D        | Noticed a bag of meat
     7 | D        | Noticed a bag of meat
     8 | D        | Killed a bag of meat
     8 | D        | Killed a bag of meat
     8 | D        | Reached * piety under Makhleb
     8 | D        | Noticed a bag of meat
     8 | D        | Noticed a bag of meat
     8 | D        | Noticed a bag of meat
     8 | D        | Noticed a bag of meat
     8 | D        | Noticed a bag of meat
     8 | D        | Noticed a bag of meat
     8 | D        | Noticed a bag of meat
     9 | D        | Reached skill level 10 in Fighting
     9 | D        | Gained mutation: You have sharp fingernails. [demonic
                  | ancestry]
     9 | D        | Reached XP level 2. HP: 35/35 MP: 2/2
     9 | D        | Gained mutation: You regenerate a little health from kills.
                  | [demonic ancestry]
     9 | D        | Reached XP level 3. HP: 41/41 MP: 3/3
     9 | D        | Gained mutation: You are surrounded by a mild repulsion
                  | field. (EV +2) [demonic ancestry]
     9 | D        | Reached XP level 4. HP: 47/47 MP: 4/4
     9 | D        | Gained mutation: A meltable shield of frost defends you.
                  | (SH +0) [demonic ancestry]
     9 | D        | Reached XP level 5. HP: 53/53 MP: 5/5
     9 | D        | Gained mutation: You are surrounded by a moderate repulsion
                  | field. (EV +3) [demonic ancestry]
     9 | D        | Reached XP level 6. HP: 60/60 MP: 6/6
     9 | D        | Gained mutation: You regenerate health from kills. [demonic
                  | ancestry]
     9 | D        | Reached XP level 7. HP: 66/66 MP: 7/7
     9 | D        | Reached XP level 8. HP: 72/72 MP: 8/8
     9 | D        | Reached XP level 9. HP: 78/78 MP: 9/9
     9 | D        | Gained mutation: You have very sharp fingernails. [demonic
                  | ancestry]
     9 | D        | Reached XP level 10. HP: 85/85 MP: 10/10
     9 | D        | Gained mutation: You punish those that try to bend your
                  | will. (Will+) [demonic ancestry]
     9 | D        | Reached XP level 11. HP: 90/90 MP: 11/11
     9 | D        | Killed a bag of meat
     9 | D        | Noticed a bag of meat
     9 | D        | Noticed a bag of meat
     9 | D        | Noticed a meat berserker
    10 | D        | Gained mutation: You are surrounded by a strong repulsion
                  | field. (EV +4, RMsl) [demonic ancestry]
    10 | D        | Reached XP level 12. HP: 99/99 MP: 12/12
    10 | D        | Killed a bag of meat
    10 | D        | Killed a bag of meat
    10 | D        | Reached ** piety under Makhleb
    10 | D        | Noticed a meat berserker
    11 | D        | Reached skill level 10 in Throwing
    11 | D        | Reached XP level 13. HP: 108/108 MP: 13/13
    11 | D        | Killed a meat berserker
    11 | D        | Noticed a bag of meat
    11 | D        | Noticed a bag of meat
    11 | D        | Noticed a bag of meat
    12 | D        | Reached XP level 14. HP: 118/118 MP: 14/14
    12 | D        | Killed a bag of meat
    12 | D        | Killed a bag of meat
    12 | D        | Reached *** piety under Makhleb
    12 | D        | Killed a bag of meat
    12 | D        | Killed a bag of meat
    12 | D        | Noticed a meat berserker
    12 | D        | Noticed a meat berserker
    13 | D        | Reached XP level 15. HP: 127/127 MP: 15/15
    14 | D        | Reached **** piety under Makhleb
    15 | D        | Reached skill level 27 in Axes
    15 | D        | Killed a meat berserker
    15 | D        | Noticed a large bag of meat
    16 | D        | Reached skill level 27 in Dodging
    16 | D        | Reached XP level 16. HP: 148/148 MP: 16/16
    17 | D        | Killed a meat berserker
    17 | D        | Reached ***** piety under Makhleb
    17 | D        | Killed a meat berserker
    18 | D        | Noticed a meat berserker
    18 | D        | Noticed a meat berserker
    19 | D        | Killed a meat berserker
    20 | D        | Reached skill level 27 in Fighting
    20 | D        | Gained mutation: You are resistant to unholy torment.
                  | [demonic ancestry]
    20 | D        | Reached XP level 17. HP: 174/174 MP: 17/17
    20 | D        | Reached ****** piety under Makhleb
    21 | D        | Reached skill level 27 in Throwing
    22 | D        | Reached skill level 5 in Necromancy
    22 | D        | Reached XP level 18. HP: 182/182 MP: 17/24
    23 | D        | Reached skill level 5 in Stealth
    23 | D        | Reached skill level 5 in Conjurations
    23 | D        | Reached skill level 5 in Hexes
    23 | D        | Reached skill level 5 in Summonings
    23 | D        | Reached skill level 5 in Poison Magic
    23 | D        | Reached skill level 5 in Evocations
    23 | D        | Noticed a large bag of meat
    23 | D        | Noticed a large bag of meat
    24 | D        | Reached skill level 5 in Long Blades
    24 | D        | Reached skill level 5 in Maces & Flails
    24 | D        | Reached skill level 5 in Polearms
    24 | D        | Reached skill level 5 in Staves
    24 | D        | Killed a meat berserker
    24 | D        | Killed a large bag of meat
    25 | D        | Gained mutation: A meltable icy envelope protects you from
                  | harm. (AC +0) [demonic ancestry]
    25 | D        | Reached XP level 19. HP: 175/189 MP: 17/30
    25 | D        | Noticed a meat berserker
    25 | D        | Noticed a destroyer
    26 | D        | Killed a meat berserker
    27 | D        | Reached skill level 10 in Necromancy
    27 | D        | Noticed a meat berserker
    29 | D        | Noticed The Servant
    30 | D        | Reached skill level 10 in Stealth
    30 | D        | Reached skill level 10 in Conjurations
    30 | D        | Reached skill level 10 in Hexes
    30 | D        | Reached skill level 10 in Summonings
    30 | D        | Reached skill level 10 in Poison Magic
    30 | D        | Reached skill level 10 in Evocations
    30 | D        | Noticed a destroyer
    32 | D        | Gained mutation: You have claws for hands. [demonic
                  | ancestry]
    32 | D        | Reached XP level 20. HP: 176/197 MP: 18/33
    32 | D        | Killed a meat berserker
    33 | D        | Reached skill level 10 in Short Blades
    33 | D        | Reached skill level 10 in Slings
    33 | D        | Reached skill level 10 in Bows
    33 | D        | Reached skill level 10 in Crossbows
    33 | D        | Reached skill level 10 in Armour
    33 | D        | Reached skill level 10 in Shields
    33 | D        | Reached skill level 10 in Unarmed Combat
    33 | D        | Reached skill level 10 in Spellcasting
    33 | D        | Reached skill level 10 in Translocations
    33 | D        | Reached skill level 10 in Transmutations
    33 | D        | Reached skill level 10 in Fire Magic
    33 | D        | Reached skill level 10 in Ice Magic
    33 | D        | Reached skill level 10 in Air Magic
    33 | D        | Reached skill level 10 in Earth Magic
    33 | D        | Killed a meat berserker
    33 | D        | Noticed a destroyer
    34 | D        | Killed a large bag of meat
    34 | D        | Killed a large bag of meat
    35 | D        | Reached skill level 15 in Invocations
    36 | D        | Noticed a meat berserker
    36 | D        | Noticed a large bag of meat
    37 | D        | Noticed a destroyer
    37 | D        | Noticed a destroyer
    39 | D        | Killed a large bag of meat
    39 | D        | Killed a meat berserker
    39 | D        | Killed a destroyer
    40 | D        | Reached skill level 10 in Long Blades
    40 | D        | Reached skill level 10 in Maces & Flails
    40 | D        | Reached skill level 10 in Polearms
    40 | D        | Reached skill level 10 in Staves
    40 | D        | Gained mutation: A meltable icy envelope protects you from
                  | harm. (AC +0) [demonic ancestry]
    40 | D        | Reached XP level 21. HP: 59/204 MP: 20/37
    40 | D        | Killed a destroyer
    41 | D        | Reached skill level 15 in Necromancy
    41 | D        | Demolished by The Servant

Illustrated notes

Levels and vault maps discovered:
D:        meatsprint

Skill      XL: |  1  2  3  4  5  6  7  8  9 10 11 12 13 14 15 16 17 18 19 20 21 |
---------------+----------------------------------------------------------------+-----
Fighting       | 10 12 13 14 20 27 | 27.0
Axes           | 18 19 21 23 26 27 | 27.0
Throwing       | 8 9 10 11 12 16 24 27 | 27.0
Dodging        | 17 18 20 22 24 27 | 27.0
Short Blades   | 4 7 9 12 | 12.7
Long Blades    | 3 6 8 10 11 | 11.1
Maces & Flails | 3 6 8 10 11 | 11.1
Polearms       | 3 6 8 10 11 | 11.1
Staves         | 3 6 8 10 11 | 11.1
Slings         | 4 7 9 12 | 12.7
Bows           | 4 7 9 12 | 12.7
Crossbows      | 4 7 9 12 | 12.7
Armour         | 4 7 9 12 | 12.7
Stealth        | 4 8 10 13 | 13.8
Shields        | 4 7 9 12 | 12.7
Unarmed Combat | 4 7 9 12 | 12.7
Spellcasting   | 4 7 9 12 | 12.7
Conjurations   | 4 8 10 13 | 13.8
Hexes          | 4 8 10 13 | 13.8
Summonings     | 4 8 10 13 | 13.8
Necromancy     | 5 9 11 14 15 | 15.0
Translocations | 4 7 9 12 | 12.7
Transmutations | 4 7 9 12 | 12.7
Fire Magic     | 4 7 9 12 | 12.7
Ice Magic      | 4 7 9 12 | 12.7
Air Magic      | 4 7 9 12 | 12.7
Earth Magic    | 4 7 9 12 | 12.7
Poison Magic   | 4 8 10 13 | 13.8
Invocations    | 6 11 13 17 | 17.6
Evocations     | 4 8 10 13 | 13.8

Action                   |  1- 3 |  4- 6 |  7- 9 | 10-12 | 13-15 | 16-18 | 19-21 || total
-------------------------+-------+-------+-------+-------+-------+-------+-------++-------
Melee: Executioner's axe |     1 |       |       |     2 |     4 |     7 |     9 ||    23
Dodge: Dodged            |       |       |       |       |     1 |       |       ||     1

Table legend: (Time is in decaauts)
 A = Elapsed time spent in this place.
 B = Non-inter-level travel time spent in this place.
 C = Inter-level travel time spent in this place.
 D = Time resting spent in this place.
 E = Time spent auto-exploring this place.
 F = Levels seen in this place.
 G = Mean time per level.
                   A        B        C        D        E       F      G
               +--------+--------+--------+--------+--------+-----+--------+
         Total |     35 |     35 |      0 |      0 |      0 |   1 |   35.0 |
       Dungeon |     35 |     35 |      0 |      0 |      0 |   1 |   35.0 |
               +--------+--------+--------+--------+--------+-----+--------+

Top non-repeatable levels by time:
       D: 35 daAuts
